Map: 2000 Atmospheres LE

Players

Erik

  • Race: Zerg Zerg

TIME (Oliveira) - Winner!

  • Race: Terran Terran

Event: DreamHack SC2 Masters Last Chance 2022

VOD

Have the link to the VOD?

Description

Time

  • Played on: Dec. 19, 2021, 6:17 p.m.
  • Length: 13:08

All games in this series

Show
View Real Time Build Order
Export as new Build Order

Erik Zerg 

Build Orders: Hatch First 

Get SALT Encoding   

  12  0:00  Drone  
  13  0:09  Drone  
  14  0:14  Extractor  
  14  0:15  Drone  
  15  0:37  Hatchery  
  15  0:42  Drone, Extractor  
  14  0:48  Overlord  
  15  1:03  Spawning Pool  
  14  1:06  Drone  
  14  1:09  Drone  
  16  1:12  Extractor  
  16  1:15  Drone  
  16  1:19  Drone  
  17  1:28  Drone  
  18  1:40  Drone  
  19  1:49  Queen x2  
  19  1:51  Zergling x2  
  24  2:01  Roach Warren  
  24  2:04  Drone  
  24  2:10  Overlord  
  24  2:14  Drone  
  25  2:43  Roach x5  
  35  2:45  Overlord  
  34  2:55  Roach  
  36  3:05  Drone x5  
  41  3:16  Drone x3  
  44  3:27  Overlord  
  44  3:34  Lair  
  44  3:38  Extractor  
  44  3:39  Overlord  
  44  3:41  Drone  
  44  3:44  Queen  
  44  3:46  Drone x2  
  48  3:51  Drone x2  
  48  3:53  Drone x2  
  52  3:59  Drone  
  53  4:05  Drone x3, Extractor  
  53  4:06  Extractor  
  54  4:12  Overlord  
  54  4:13  Drone x2  
  56  4:19  Overlord  
  56  4:27  Overlord  
  56  4:30  Drone x3  
  59  4:36  Spire  
  58  4:42  Glial Reconstitution  
  58  4:44  Drone x2  
  61  4:45  Drone  
  61  4:57  Hatchery  
  60  5:06  Drone  
  62  5:07  Drone  
  62  5:08  Evolution Chamber  
  62  5:09  Evolution Chamber  
  62  5:13  Overlord x2  
  60  5:16  Zergling x2  
  60  5:17  Zergling x2  
  62  5:30  Roach  
  62  5:31  Roach x3  
  70  5:36  Zerg Missile Weapons Level 1, Zerg Ground Armor Level 1  
  70  5:40  Roach  
  71  6:01  Mutalisk x2  
  71  6:02  Mutalisk x3  
  71  6:04  Mutalisk  
  80  6:09  Overlord  
  80  6:10  Drone x3  
  85  6:15  Drone  
  86  6:20  Drone x2  
  86  6:23  Drone  
  89  6:29  Drone  
  89  6:31  Extractor  
  89  6:34  Overlord  
  89  6:35  Drone  
  90  6:42  Drone x3  
  90  6:43  Drone x2, Overlord  
  90  6:44  Overlord x2  
  95  6:51  Roach  
  97  6:57  Roach  
  97  6:58  Roach x3  
  103  7:04  Roach  
  103  7:05  Roach x2  
  109  7:10  Roach x3  
  109  7:14  Overlord  
  115  7:17  Roach x3  
  121  7:27  Roach x5  
  131  7:40  Roach  
  131  7:41  Roach x6  
  129  7:51  Ravager x3  
  128  7:52  Ravager  
  128  7:53  Roach x4  
  137  8:03  Roach  
  96  8:20  Roach  
  96  8:21  Roach x2  
  92  8:33  Roach x3  
  95  8:37  Ravager  
  95  8:38  Ravager  
  95  8:39  Ravager  
  95  8:40  Hatchery  
  97  8:44  Ravager  
  97  8:45  Roach x2  
  99  8:50  Roach  
  99  8:53  Zerg Missile Weapons Level 2  
  99  8:54  Zerg Ground Armor Level 2  
  101  8:58  Roach  
  101  9:01  Roach x2  
  101  9:02  Roach x2  
  111  9:03  Roach  
  111  9:08  Overlord  
  113  9:11  Roach  
  113  9:12  Roach  
  119  9:17  Roach  
  119  9:26  Roach x2  
  111  9:41  Roach x4  
  111  9:43  Hatchery  
  118  9:46  Hatchery  
  117  10:06  Roach x9  
  133  10:12  Drone  
  134  10:18  Drone x2  
  136  10:23  Ravager x2  
  136  10:24  Ravager  
  136  10:27  Extractor, Overlord  
  138  10:29  Roach  
  138  10:30  Roach  
  138  10:32  Roach  
  144  10:43  Drone x4  
  144  10:49  Roach x2  
  152  10:56  Roach x2  
  156  11:06  Roach  
  156  11:07  Roach x3  
  156  11:10  Ravager x4  
  168  11:17  Overlord x2  
  168  11:19  Overlord  
  168  11:28  Overlord  
  168  11:35  Roach x7  
  182  11:40  Overlord x2  
  182  11:43  Ravager x2  
  182  11:44  Ravager  
  179  11:55  Roach  
  179  11:56  Roach x5  
  163  12:14  Roach  
  163  12:15  Roach x7  
  112  12:24  Roach x4  
  120  12:30  Ravager  
  120  12:31  Ravager  
  120  12:33  Ravager x3  
  120  12:35  Roach  
  120  12:36  Roach  
  129  12:42  Roach x2  
  129  12:43  Roach x2  
  137  12:45  Roach  
Show
View Real Time Build Order
Export as new Build Order

TIME Terran - Winner!

Build Orders: Reaper Expand 

Get SALT Encoding   

  12  0:00  SCV  
  13  0:12  SCV  
  14  0:17  Supply Depot  
  14  0:24  SCV  
  15  0:38  SCV  
  15  0:40  Barracks  
  16  0:44  Refinery  
  16  0:51  SCV  
  17  1:03  SCV  
  18  1:15  SCV  
  19  1:28  Reaper, Orbital Command  
  20  1:41  Command Center  
  20  1:49  Supply Depot  
  20  1:54  SCV  
  21  2:00  Marine  
  22  2:06  SCV  
  23  2:12  Factory  
  23  2:18  SCV  
  23  2:22  Barracks Reactor  
  24  2:30  SCV  
  25  2:39  Command Center  
  25  2:44  SCV  
  26  2:57  SCV  
  27  3:02  Orbital Command  
  27  3:03  Starport  
  27  3:09  SCV  
  28  3:18  Bunker  
  28  3:19  Marine x2  
  29  3:22  SCV, Factory Tech Lab  
  29  3:23  Refinery  
  30  3:29  SCV  
  30  3:34  SCV  
  32  3:37  Marine x2  
  34  3:46  Cyclone  
  37  3:51  Orbital Command  
  37  3:52  Orbital Command  
  37  3:54  Marine x2  
  37  3:55  SCV  
  40  4:12  Marine x2  
  40  4:14  SCV  
  40  4:16  Supply Depot  
  43  4:18  Cyclone  
  43  4:19  SCV  
  47  4:30  Medivac, Marine x2  
  51  4:32  SCV  
  51  4:36  Barracks  
  51  4:38  Barracks  
  52  4:39  SCV  
  53  4:47  SCV x2  
  53  4:52  SCV  
  56  4:58  Factory Tech Lab  
  56  4:59  Stimpack, SCV, Marine  
  58  5:00  SCV  
  59  5:10  Starport Reactor  
  59  5:12  SCV  
  60  5:15  SCV  
  60  5:18  Marine  
  60  5:21  Supply Depot, Engineering Bay  
  62  5:22  Supply Depot, Refinery, Engineering Bay  
  62  5:23  Refinery  
  62  5:26  Barracks Reactor  
  62  5:28  Siege Tank  
  65  5:29  SCV  
  65  5:30  SCV  
  67  5:38  Marine x2  
  67  5:42  SCV x2, Marine  
  72  5:45  Supply Depot  
  72  5:47  Supply Depot  
  72  5:49  Terran Infantry Weapons Level 1, SCV  
  73  5:54  SCV  
  73  5:55  Marine  
  73  5:56  Missile Turret, Marine  
  77  5:57  Missile Turret  
  77  6:00  Marine  
  77  6:02  Orbital Command  
  77  6:03  Widow Mine  
  79  6:06  SCV x2  
  79  6:09  Barracks  
  79  6:10  Marine x2  
  82  6:11  Missile Turret, Barracks  
  82  6:18  SCV, Marine  
  83  6:19  SCV  
  83  6:20  Marine x2  
  83  6:21  Medivac x2  
  83  6:24  Supply Depot  
  91  6:26  Missile Turret  
  91  6:28  SCV  
  91  6:30  SCV  
  91  6:31  SCV  
  91  6:32  Siege Tank  
  97  6:40  Supply Depot, SCV, Marine  
  97  6:41  Combat Shield, Marine  
  97  6:43  SCV  
  97  6:46  SCV  
  102  6:51  Marine  
  102  6:52  Supply Depot, Marine  
  102  6:54  SCV  
  104  6:55  SCV  
  104  6:58  SCV  
  104  6:59  Barracks Reactor x2  
  104  7:00  Marine  
  107  7:02  Marauder, Refinery  
  107  7:06  SCV, Terran Infantry Armor Level 1  
  107  7:08  SCV  
  111  7:09  Armory  
  111  7:10  SCV  
  111  7:14  Supply Depot, Marine  
  111  7:15  Supply Depot  
  113  7:16  Marine  
  113  7:18  Marine  
  113  7:20  SCV  
  116  7:23  SCV  
  116  7:25  SCV, Marine  
  119  7:31  Orbital Command  
  119  7:32  SCV, Marine  
  119  7:33  Marine  
  114  7:37  Marine x2  
  114  7:39  Siege Tank  
  113  7:46  Marine  
  113  7:47  Marine  
  113  7:50  SCV  
  113  7:52  Marine  
  113  7:54  Marine x3  
  113  7:55  SCV, Marine  
  115  8:04  Terran Infantry Weapons Level 2, Marine x2  
  109  8:10  Marine  
  109  8:11  Marine x2  
  109  8:12  Marine  
  90  8:20  Siege Tank  
  90  8:22  Marine  
  90  8:23  SCV  
  89  8:28  Marine x2  
  89  8:30  Marine  
  89  8:31  Marauder, SCV x2  
  94  8:35  Barracks Tech Lab x2, SCV  
  94  8:38  Refinery  
  94  8:40  Marine  
  94  8:42  Supply Depot  
  94  8:43  SCV  
  94  8:45  Supply Depot  
  94  8:46  Marine x2  
  94  8:47  SCV  
  98  8:49  Marine  
  98  8:50  Supply Depot  
  98  8:52  Marauder  
  98  8:54  Siege Tank  
  102  8:57  SCV x2  
  102  8:58  Marine  
  102  8:59  Concussive Shells  
  102  9:00  SCV  
  102  9:02  Marauder x2  
  110  9:08  Supply Depot  
  110  9:09  SCV, Marine x2  
  112  9:12  Terran Infantry Armor Level 2  
  112  9:13  Marauder, Marine  
  112  9:14  SCV  
  112  9:15  Orbital Command  
  118  9:20  Marine  
  118  9:23  SCV  
  118  9:24  Marauder  
  118  9:26  Marauder  
  115  9:34  Siege Tank, Marine x3  
  115  9:35  Marauder  
  115  9:37  Supply Depot, Orbital Command  
  115  9:38  SCV  
  123  9:41  SCV  
  123  9:44  Orbital Command  
  124  9:48  Medivac x2  
  124  9:51  Supply Depot x3  
  128  9:54  Supply Depot  
  128  10:10  Supply Depot  
  128  10:13  Marauder x2, SCV x3  
  135  10:20  Supply Depot x2  
  135  10:22  Marauder  
  135  10:25  SCV, Siege Tank  
  135  10:27  SCV  
  142  10:38  Marauder x2  
  142  10:39  Medivac  
  148  10:46  Refinery x2  
  148  10:47  Marauder, Supply Depot  
  148  10:48  Marine x2  
  152  10:53  Medivac  
  152  10:55  Marine  
  155  10:58  Marine  
  155  11:03  Siege Tank  
  159  11:05  Marauder  
  161  11:12  Supply Depot  
  161  11:13  Marauder x2  
  161  11:14  Marine  
  161  11:16  Marine  
  161  11:17  Command Center  
  167  11:27  Marauder, Marine x2  
  167  11:29  Liberator x2  
  177  11:41  Barracks x2  
  177  11:45  Barracks  
  177  11:51  Marauder, Marine x2  
  168  12:11  Marine  
  168  12:14  Marauder, Marine x2  
  133  12:16  Siege Tank  
  133  12:22  Marine x2  
  110  12:23  Marauder  
  110  12:34  Barracks Reactor, Barracks Tech Lab x2  
  110  12:36  Marauder  
  112  12:39  SCV x2  
  112  12:40  Sensor Tower  
  112  12:43  Marauder, Marine x2  
  120  12:44  Marauder, Marine  
  120  12:49  SCV  
  123  12:51  SCV  

Tags
 
Add a new tag
Caveats
  • Supply blocks, unpowered buildings, or Contaminate may cause inaccurate times.
  • Supply counts are checked every 10 seconds.